 Dungeon Crawl Stone Soup version 0.27.1-34-g3ba077fa99 (webtiles) character file.

Game seed: 9339674401239512541

311 cbfl8 the Covered (level 6, -21/53 HPs)
             Began as a Minotaur Fighter on Jan 13, 2022.
             Was an Initiate of Kikubaaqudgha.
             Demolished by an ogre (24 damage)
             ... on level 4 of the Dungeon.
             The game lasted 00:18:22 (4794 turns).

cbfl8 the Covered (Minotaur Fighter)                Turns: 4794, Time: 00:18:24

Health: -21/53     AC:  7    Str: 21      XL:     6   Next: 18%
Magic:  5/5        EV:  8    Int:  6 (7)  God:    Kikubaaqudgha [......]
Gold:   103        SH:  9    Dex:  7 (9)  Spells: 2/5 levels left

rFire    + . .     SeeInvis .   a - +0 war axe
rCold    x . .     Faith    .   c - +0 kite shield
rNeg     . . .     Spirit   .   b - +0 scale mail
rPois    .         Reflect  .   (helmet restricted)
rElec    .         Harm     .   (no cloak)
rCorr    +         Rampage  .   (no gloves)
Will     .....                  (no boots)
Stlth    ..........             (no amulet)
HPRegen  0.17/turn              C - ring of fire
MPRegen  0.09/turn              w - ring of resist corrosion

@: mighty
A: horns 2, retaliatory headbutt
a: Renounce Religion


You were on level 4 of the Dungeon.
You worshipped Kikubaaqudgha.
Kikubaaqudgha was noncommittal.
You visited 1 branch of the dungeon, and saw 4 of its levels.

You collected 103 gold pieces.

Inventory:

Hand Weapons
 a - a +0 war axe (weapon)
 e - a +0 quarterstaff
 v - a +0 mace
 A - a +3 quarterstaff of chaos
Missiles
 r - 16 bolts
 x - 16 arrows
Armour
 b - a +0 scale mail (worn)
 c - a +0 kite shield (worn)
 u - a +0 ring mail
 B - a +0 cloak
Jewellery
 q - a ring of poison resistance
 w - a ring of resist corrosion (right hand)
 C - a ring of fire (left hand)
Wands
 z - a wand of flame (14)
Scrolls
 f - 3 scrolls of identify {unknown}
 h - a scroll of enchant weapon {unknown}
 i - a scroll of amnesia {unknown}
 k - a scroll of silence {unknown}
 l - 2 scrolls of teleportation
 o - a scroll of enchant armour {unknown}
 p - a scroll of magic mapping {unknown}
 y - a scroll of immolation {unknown}
Potions
 g - 2 potions of ambrosia {unknown}
 j - 2 potions of degeneration
 m - a potion of brilliance {unknown}
 n - a potion of curing {unknown}
 s - a potion of mutation {unknown}
 t - 2 potions of attraction {unknown}


   Skills:
 + Level 4.6 Fighting
 + Level 4.4 Axes
 + Level 5.5 Armour
 + Level 1.1 Dodging
 + Level 0.1 Stealth
 + Level 4.8 Shields
 + Level 0.2 Spellcasting
 + Level 0.2 Necromancy


You had 2 spell levels left.
You knew the following spells:

 Your Spells              Type           Power      Damage    Failure   Level
a - Animate Skeleton      Necr           0%         N/A       99%         1
b - Sublimation of Blood  Necr           0%         N/A       100%        2

Your spell library contained the following spells:

 Spells                   Type           Power      Damage    Failure   Level
 Apportation              Tloc           0%         N/A       99%         1
 Corona                   Hex            0%         N/A       99%         1
 Pain                     Necr           0%         1d4       99%         1
 Summon Small Mammal      Summ           0%         N/A       99%         1
 Vampiric Draining        Necr           0%         2d6       100%        3


Dungeon Overview and Level Annotations

Branches:
Dungeon (4/15)
 Temple: D:4-7

Altars:
Kikubaaqudgha
Sif Muna
Trog
Vehumet


Innate Abilities, Weirdness & Mutations

You have a pair of horns on your head.
You reflexively headbutt those who attack you in melee.


Message History

You block the hound's attack.
You barely miss the gnoll.
The gnoll is moderately wounded.
You closely miss the hound. You block the gnoll's attack.
The gnoll hits you but does no damage. The hound bites you but does no damage.
You block the gnoll's attack. The gnoll hits you with a +0 whip.
The hound bites you but does no damage.
You closely miss the gnoll.
The gnoll is moderately wounded.
You slash the hound! The hound bites you but does no damage.
The gnoll hits you but does no damage.
The gnoll hits you from afar with a +0 spear.
The hound barely misses you. You furiously retaliate!
You headbutt the hound.
Your shield prevents you from hitting the gnoll.
The gnoll is moderately wounded.
You closely miss the hound. You block the hound's attack.
The gnoll barely misses you.
The gnoll hits you from afar with a +0 spear.
The hound bites you. The gnoll hits you with a +0 whip.
* * * LOW HITPOINT WARNING * * *
The gnoll closely misses you.
You hit the gnoll.
The gnoll is heavily wounded.
You slash the hound!
You kill the hound!
Kikubaaqudgha accepts your kill. The gnoll hits you with a +0 whip!
* * * LOW HITPOINT WARNING * * *
The gnoll hits you but does no damage.
You feel very mighty all of a sudden. You block the ogre's attack.
The gnoll hits you with a +0 whip.
* * * LOW HITPOINT WARNING * * *
The gnoll completely misses you.
You slice the gnoll!!
You kill the gnoll!
Kikubaaqudgha accepts your kill.
You barely miss the ogre. The gnoll barely misses you.
The ogre hits you with a +0 giant club!!
You die...
Kikubaaqudgha rasps: "You have failed me!
Welcome... death!"

. ...
.....######
......O@).#
.....####g#
...
####'### .
#......#
#......#
..##g.....#
..g....>###
..#####.# .
#.#


You could see an ogre and a gnoll.

Vanquished Creatures
  A water moccasin (D:3)
  A hound (D:4)
  Crazy Yiuf (D:3)
  An orc wizard (D:3)
  A hound skeleton (D:4)
  4 gnolls
  2 dart slugs (D:2)
  2 worms (D:3)
  5 orcs (D:3)
  6 endoplasms
  A giant cockroach (D:1)
  5 goblins
  4 hobgoblins
  7 jackals
  7 kobolds
  3 quokkas
  6 ball pythons
  5 bats
  7 frilled lizards
  4 rats
73 creatures vanquished.

Vanquished Creatures (others)
  7 fungi (D:3)
  5 plants (D:3)
12 creatures vanquished.

Grand Total: 85 creatures vanquished

Notes
Turn   | Place    | Note
-------+----------+-------------------------------------------
     0 | D:1      | cbfl8 the Minotaur Fighter began the quest for the Orb.
     0 | D:1      | Reached XP level 1. HP: 19/19 MP: 0/0
   101 | D:1      | Reached XP level 2. HP: 11/27 MP: 1/1
   104 | D:1      | Reached skill level 4 in Armour
   470 | D:1      | Reached XP level 3. HP: 33/33 MP: 2/2
   879 | D:2      | Found a shimmering blue altar of Sif Muna.
  1094 | D:2      | Learned a level 1 spell: Animate Skeleton
  2082 | D:3      | Noticed a water moccasin
  2355 | D:3      | Reached XP level 4. HP: 41/41 MP: 3/3
  2575 | D:3      | Found a runed translucent door.
  2576 | D:3      | Noticed Crazy Yiuf
  3083 | D:3      | Found a radiant altar of Vehumet.
  3085 | D:3      | Found a bloodstained altar of Trog.
  3186 | D:3      | Found a faded altar of an unknown god.
  3193 | D:3      | Became a worshipper of Kikubaaqudgha
  3193 | D:3      | Reached * piety under Kikubaaqudgha
  3193 | D:3      | Received a gift from Kikubaaqudgha
  3197 | D:3      | Learned a level 2 spell: Sublimation of Blood
  3830 | D:3      | Killed Crazy Yiuf
  3831 | D:3      | Reached XP level 5. HP: 29/47 MP: 4/4
  3969 | D:3      | Killed a water moccasin
  3969 | D:3      | HP: 2/47 [poisoned by a water moccasin]
  3970 | D:3      | Reached skill level 5 in Armour
  3970 | D:3      | Reached skill level 1 in Dodging
  4783 | D:4      | Noticed an ogre
  4785 | D:4      | Reached XP level 6. HP: 40/53 MP: 5/5
  4794 | D:4      | Demolished by an ogre

Illustrated notes

Levels and vault maps discovered:
D:1:      minmay_arrival_up_and_down, layout_loops_ring, minivault_19
D:2:      layout_loops_ring, basic_altar
D:3:      layout_loops_ring, nicolae_overflow_hidden_temple,
          shapermc_ecumenical_altar_acropolis, minmay_misc_feat_plants,
          minmay_misc_feat_ornament, kennysheep_small_spiral,
          kennysheep_cluttered_room, uniq_crazy_yiuf_cottage
D:4:      layout_basic

Skill      XL: |  1  2  3  4  5 |
---------------+----------------+-----
Armour         | 4 5 |  5.5
Fighting       | 4 |  4.6
Shields        | 4 |  4.8
Axes           | 3 4 |  4.4
Dodging        | 1 |  1.1
Stealth        | |  0.1
Spellcasting   | |  0.2
Necromancy     | |  0.2

Action                   |  1- 3 |  4- 6 || total
-------------------------+-------+-------++-------
Melee: War axe           |    88 |    82 ||   170
       Headbutt          |     8 |    15 ||    23
Invok: Receive Corpses   |       |     1 ||     1
  Use: Scroll            |     1 |       ||     1
       Potion            |       |     4 ||     4
Armor: Scale mail        |    50 |    50 ||   100
Dodge: Dodged            |    44 |    30 ||    74
Block: Kite shield       |    65 |    57 ||   122
